Map: Dusk Towers

Players

AcerBly (Bly) - Winner!

  • Race: Zerg Zerg

Fortuna

  • Race: Zerg Zerg

Event: Gauntlet LotV Series 1 Qualifier 1

VOD

Have the link to the VOD?

Description

Time

  • Played on: Nov. 22, 2015, 3:31 p.m.
  • Length: 3:47

All games in this series

Show
View Real Time Build Order
Export as new Build Order

AcerBly Zerg - Winner!

Build Orders: Pool First 

Get SALT Encoding   

  12  0:01  Drone  
  13  0:11  Drone  
  14  0:14  Extractor  
  13  0:28  Spawning Pool  
  13  0:32  Drone  
  13  0:37  Drone  
  14  0:44  Extractor  
  14  0:45  Drone  
  15  0:54  Overlord  
  15  1:15  Queen  
  15  1:16  Metabolic Boost  
  17  1:20  Zergling x2  
  18  1:26  Zergling x2  
  18  1:28  Zergling x2  
  18  1:32  Zergling x2  
  21  1:53  Hatchery  
  20  1:59  Overlord  
  20  2:06  Zergling x4  
  22  2:18  Zergling x2  
  23  2:25  Zergling x6  
  26  2:33  Zergling x2  
  27  2:48  Zergling x2  
  27  2:52  Zergling x2  
  27  3:02  Zergling x6  
  29  3:10  Zergling x4  
  30  3:19  Zergling x2  
  31  3:20  Zergling x2  
  27  3:28  Zergling x2  
Show
View Real Time Build Order
Export as new Build Order

Fortuna Zerg 

Build Orders: Hatch First 

Get SALT Encoding   

  12  0:01  Drone  
  13  0:15  Overlord  
  13  0:19  Drone  
  14  0:34  Drone x2  
  16  0:37  Drone  
  17  0:48  Drone  
  18  0:58  Hatchery  
  18  1:03  Extractor  
  16  1:10  Spawning Pool  
  15  1:12  Drone  
  15  1:18  Drone  
  17  1:20  Drone  
  18  1:31  Drone  
  19  1:41  Drone  
  20  1:57  Queen  
  22  2:08  Metabolic Boost  
  22  2:09  Queen  
  22  2:11  Zergling x6  
  22  2:14  Overlord  
  27  2:25  Drone  
  28  2:32  Baneling Nest  
  28  2:37  Drone x3  
  30  2:41  Spine Crawler  
  29  2:46  Zergling x4  
  28  2:52  Zergling x2  
  28  2:54  Queen  
  28  3:01  Zergling x2  
  28  3:03  Zergling x2  
  27  3:14  Zergling x2  
  21  3:24  Zergling x2  
Tags
 
Add a new tag
Caveats
  • Supply blocks, unpowered buildings, or Contaminate may cause inaccurate times.
  • Supply counts are checked every 10 seconds.